 Dungeon Crawl Stone Soup version 0.31-a0-1074-g0b22e4e0f1 (webtiles) character file.

Game seed: 3251765581799718622

2349 grandjackal the Lightning Rod (level 9, -6/60 (71) HPs)
             Began as a Demonspawn Gladiator on Nov 29, 2023.
             Was a Follower of Qazlal.
             Killed by nerve-wracking pain
             ... invoked by an orc priest
              (14 damage)
             ... on level 7 of the Dungeon.
             The game lasted 00:11:51 (7433 turns).

grandjackal the Lightning Rod (DsGl)                Turns: 7433, Time: 00:11:51

HP:   -6/60 (71)    AC:  7    Str: 23    XL:     9   Next: 20%
MP:   14/14         EV: 19    Int: 10    God:    Qazlal [*.....]
Gold: 71            SH:  2    Dex: 16    Spells: 8/8 levels left

rFire   . . .        a - +0 long sword
rCold   . . .        (no shield)
rNeg    . . .        p - +0 ring mail
rPois   .            c - +0 helmet
rElec   .            (no cloak)
rCorr   .            o - +0 pair of gloves
SInv    .            (no boots)
Will    .....        (no amulet)
Stlth   +            E - +5 ring of evasion
HPRegen 0.30/turn    m - +6 ring of strength
MPRegen 0.14/turn

%: no passive effects
@: heavily drained
A: claws 1, demonic guardian 2, powered by death 2
a: Renounce Religion


You were on level 7 of the Dungeon.
You worshipped Qazlal.
Qazlal was aware of your devotion.
You visited 2 branches of the dungeon, and saw 9 of its levels.
You also visited: Bailey.

You collected 533 gold pieces.
You spent 462 gold pieces at shops.

Inventory:

Hand Weapons
 a - a +0 long sword (weapon)
 H - a +0 rapier
Missiles
 e - a javelin
 y - a curare-tipped dart
 M - a throwing net
Armour
 c - a +0 helmet (worn)
 o - a +0 pair of gloves (worn)
 p - a +0 ring mail (worn)
Jewellery
 h - an amulet of magic regeneration
 i - a ring of poison resistance
 m - a +6 ring of strength (right hand)
 E - a +5 ring of evasion (left hand)
Wands
 d - a wand of iceblast (8)
 N - a wand of charming (5)
Scrolls
 b - a scroll of fear {unknown}
 f - a scroll of fog {unknown}
 g - 3 scrolls of immolation {unknown}
 j - 4 scrolls of teleportation {unknown}
 l - 2 scrolls of torment {unknown}
 n - a scroll of poison {unknown}
 t - 2 scrolls of noise {unknown}
 A - a scroll of amnesia {unknown}
 C - a scroll of revelation {unknown}
 D - a scroll of acquirement {unknown}
 F - a scroll of enchant armour {unknown}
 J - a scroll of vulnerability {unknown}
Potions
 k - a potion of enlightenment
 q - a potion of lignification
 r - 2 potions of curing
 s - a potion of cancellation
 u - 2 potions of invisibility
 v - a potion of ambrosia {unknown}
 w - a potion of brilliance {unknown}
 x - 2 potions of attraction
 z - 2 potions of magic
 B - 4 potions of heal wounds
 I - 3 potions of haste
 K - 2 potions of mutation
 L - a potion of resistance


   Skills:
 + Level 6.7 Fighting
 - Level 3.3 Long Blades
 - Level 2.1 Throwing
 + Level 6.4 Dodging
 + Level 5.2 Unarmed Combat
 + Level 6.8 Invocations


You had 8 spell levels left.
You didn't know any spells.
Your spell library contained the following spells:

 Spells                   Type           Power      Damage    Failure   Level
 Apportation              Tloc           0%         N/A       52%         1
 Freeze                   Ice            0%         1d3       52%         1
 Kiss of Death            Conj/Necr      0%         2d5       52%         1
 Jinxbite                 Hex            0%         N/A       67%         2
 Passwall                 Tmut/Erth      0%         N/A       67%         2
 Sublimation of Blood     Necr           0%         N/A       67%         2
 Frozen Ramparts          Ice            0%         1d1       88%         3
 Hailstorm                Conj/Ice       0%         3d3       88%         3
 Ignite Poison            Fire/Tmut/Pois 0%         N/A       88%         3
 Volatile Blastmotes      Fire/Tloc      0%         2d10      88%         3
 Fulminant Prism          Conj/Hex       0%         3d5       99%         4
 Iskenderun's Mystic Bla  Conj/Tloc      0%         2d3       99%         4
 Sticky Flame             Conj/Fire      0%         2d3       99%         4
 Alistair's Intoxication  Tmut/Pois      0%         N/A       100%        5
 Haunt                    Necr/Summ      0%         N/A       100%        7
 Borgnjor's Revivificati  Necr           0%         N/A       100%        8
 Ignition                 Fire           0%         3d3       100%        8


Dungeon Overview and Level Annotations

Branches:
Dungeon (8/15)             Temple (1/1) D:4          Bailey (visited)
   Lair: D:8-11

Altars:
Ashenzari
Cheibriados
Dithmenos
Fedhas
Gozag
Hepliaklqana
Kikubaaqudgha
Makhleb
Nemelex Xobeh
Okawaru
Qazlal
Ru
Sif Muna
Trog
Vehumet
Wu Jian
Xom

Shops:
D:1 =   D:4 *   D:6 !


Innate Abilities, Weirdness & Mutations

You have sharp fingernails.
A demonic guardian rushes to your aid.
You regenerate health from kills.


Message History

The orc priest calls down the wrath of Beogh upon you.
Beogh smites you!
You hit the orc priest.
The orc priest is heavily wounded.
Something hits you.
You feel drained. The orc hits you with a +0 trident.
The orc priest closely misses you. The orc hits you with a +0 mace.
The orc closely misses you.
You hear some strange, mumbled words.
Something tries to affect you, but you resist.
The gnoll barely misses you. Something hits you but does no damage.
You feel drained. Something hits you but does no damage.
The orc closely misses you. The orc hits you with a +0 flail.
The orc barely misses you. The orc priest closely misses you.
You hit the orc priest but do no damage.
The orc priest is heavily wounded.
The gnoll misses you. The orc completely misses you.
Something hits you but does no damage.
You feel drained. The orc hits you with a +0 mace.
The orc priest closely misses you. Something hits you but does no damage.
The orc closely misses you.
Unknown command.
You closely miss the orc priest.
The orc priest is heavily wounded.
You block the gnoll's attack. The orc closely misses you.
You hear some strange, mumbled words.
A puff of flame appears from out of thin air!
The puff of flame misses you.
The puff of flame hits the orc priest!
The orc completely misses you.
You hear some strange, mumbled words.
A puff of flame appears from out of thin air!
The puff of flame hits you.
The orc priest calls down the wrath of Beogh upon you.
Beogh smites you!
* * * LOW HITPOINT WARNING * * *
A demonic guardian appears!
The gnoll hits you but does no damage.
You closely miss the orc priest.
The orc priest is almost dead.
Something hits you but does no damage. x2; You feel drained.
The orc priest invokes the aid of Beogh against you.
Pain shoots through your body!
You die...

. #.(..##.. .. #....##..
#..######....##..
####### #...........##..
....... ###........##..
....... #........##..
.....4.######'########..
#..oo{......##....g...
#..o{@og....#........#
##...oo......'...g...##
#...≈~≈...####.......##
#..≈≈~≈≈..# #.<.....8.
#..~~♣~~..# #....8....
#..≈≈~≈≈..# #.........
♣...≈~≈...♣ ###.......
♣♣[......♣♣ #8....∩.
♣♣.....♣♣ ##.......


You could see an orc priest, a gnoll, 5 orcs and a friendly orange demon
(summoned).

Vanquished Creatures
  A wyvern (D:4)
  Eustachio (D:5)
  A water moccasin (D:5)
  2 orc warriors
  3 ogres
  A sky beast (D:6)
  A phantom (D:6)
  A kobold brigand (D:3)
  A gnoll sergeant (D:6)
  Blork the orc (D:5)
  4 scorpions
  2 howler monkeys (D:6)
  3 orc priests (D:6)
  A jelly (D:6)
  A gnoll bouda (D:7)
  An iguana (D:6)
  A sleepcap (D:6)
  4 orc wizards
  18 gnolls
  7 adders
  A shadow imp (D:6)
  2 white imps
  An ufetubus (D:6)
  2 worms
  5 dart slugs
  22 orcs
  3 endoplasms (D:1)
  3 giant cockroaches
  6 goblins
  6 hobgoblins
  4 jackals (D:1)
  3 kobolds
  2 quokkas
  8 ball pythons
  4 bats
  A frilled lizard (D:2)
  2 rats
130 creatures vanquished.

Vanquished Creatures (collateral kills)
  An ogre (D:4)
  A hound (D:6)
  An orc wizard (D:6)
  2 gnolls
  An ufetubus (D:6)
  A jackal (D:1)
7 creatures vanquished.

Grand Total: 137 creatures vanquished

Notes
Turn   | Place    | Note
-------+----------+-------------------------------------------
     0 | D:1      | grandjackal the Demonspawn Gladiator began the quest for
                  | the Orb.
     0 | D:1      | Reached XP level 1. HP: 16/16 MP: 1/1
   164 | D:1      | Found a faded altar of an unknown god.
   175 | D:1      | Gained mutation: A weak demonic guardian rushes to your
                  | aid. [demonic ancestry]
   175 | D:1      | Reached XP level 2. HP: 15/22 MP: 2/2
   459 | D:1      | Found Feptoaruch's Jewellery Boutique.
   486 | D:1      | Reached XP level 3. HP: 28/28 MP: 3/3
   792 | D:2      | Found a shimmering altar of Xom.
   967 | D:2      | Gained mutation: You have sharp fingernails. [demonic
                  | ancestry]
   967 | D:2      | Reached XP level 4. HP: 33/34 MP: 4/4
  1641 | D:3      | Found an ancient bone altar of Kikubaaqudgha.
  1689 | D:3      | Got the Atlas of Unholy Rituals and Lithomancy
  1777 | D:3      | Reached skill level 1 in Unarmed Combat
  1777 | D:3      | Gained mutation: You regenerate a little health from kills.
                  | [demonic ancestry]
  1777 | D:3      | Reached XP level 5. HP: 13/41 MP: 5/5
  2005 | D:3      | Found a shimmering altar of Xom.
  2013 | D:3      | Found a snail-covered altar of Cheibriados.
  2212 | D:3      | Gained mutation: You regenerate health from kills. [demonic
                  | ancestry]
  2212 | D:3      | Reached XP level 6. HP: 36/48 MP: 6/6
  2532 | D:3      | Identified the staff of Yzesk {Fragile rPois Str+4 Int+4
                  | Poison}
  2714 | D:4      | Found a staircase to the Ecumenical Temple.
  2725 | Temple   | Entered the Ecumenical Temple
  2744 | Temple   | Became a worshipper of Qazlal Stormbringer
  2825 | D:4      | Reached skill level 1 in Invocations
  2947 | D:4      | Found Afuady's Overcharged Wands.
  3049 | D:4      | Found a shimmering blue altar of Sif Muna.
  3173 | D:4      | Found an ornate altar of the Wu Jian Council.
  3226 | D:4      | Noticed a wyvern
  3234 | D:4      | HP: 1/48 [wyvern (11)]
  3237 | D:4      | Killed a wyvern
  3238 | D:4      | Reached XP level 7. HP: 2/55 MP: 6/8
  3945 | D:5      | Entered Level 5 of the Dungeon
  4105 | D:5      | Noticed Blork the orc
  4118 | D:5      | Killed Blork the orc
  4178 | D:5      | Noticed Eustachio
  4221 | D:5      | Killed Eustachio
  4222 | D:5      | Reached skill level 5 in Fighting
  4222 | D:5      | Reached skill level 5 in Dodging
  4481 | D:6      | Found a bloodstained altar of Trog.
  4492 | D:6      | Reached XP level 8. HP: 62/62 MP: 11/11
  4499 | D:6      | Found a shadowy altar of Dithmenos.
  4621 | D:6      | Reached skill level 5 in Invocations
  5276 | D:6      | Found Noinony's Distillery.
  5282 | D:6      | Bought a potion of heal wounds for 55 gold pieces
  5282 | D:6      | Bought a potion of curing for 33 gold pieces
  5282 | D:6      | Bought 2 potions of mutation for 176 gold pieces
  5282 | D:6      | Bought a potion of haste for 110 gold pieces
  5291 | D:6      | Found a burning altar of Makhleb.
  5398 | D:6      | Found a blossoming altar of Fedhas.
  5502 | D:6      | Reached * piety under Qazlal
  5738 | D:7      | Found a flagged portal.
  5805 | Bailey   | Entered a bailey
  6330 | Bailey   | Noticed an orc knight
  6420 | D:7      | Gained mutation: A demonic guardian rushes to your aid.
                  | [demonic ancestry]
  6420 | D:7      | Reached XP level 9. HP: 20/54 MP: 13/13
  6532 | D:7      | You fall into a shaft and drop 1 floor!
  6690 | D:7      | Reached skill level 5 in Unarmed Combat
  7324 | D:6      | Bought a potion of invisibility for 88 gold pieces
  7433 | D:7      | Killed from afar by an orc priest

Illustrated notes

Levels and vault maps discovered:
D:1:      erik_arrival_orb_chamber, layout_loops_ring,
          shapermc_ecumenical_altar_starsandcircs, serial_shops,
          nicolae_shop_advertising_works [nicolae_subvault_shop_adworks],
          minmay_misc_feat_pillars
D:2:      layout_loops_ring, basic_altar, grunt_ministairs_8
D:3:      layout_loops_corners, old_standard_altar,
          amethyst_overflow_temple_binary, grunt_decor_mini_mirrors,
          minmay_misc_feat_more_columns, minmay_misc_feat_chi
D:4:      layout_basic, nicolae_wu_jian_glorious_leap,
          lemuel_coloured_pillars_altar, minmay_temple_entry_offerings,
          nicolae_shop_overcharged_wands
D:5:      layout_rooms, mainiacjoe_overflow_alcove_4,
          mainiacjoe_overflow_small_starburst, minmay_fountain_box,
          uniq_blork_the_orc, uniq_eustachio
D:6:      layout_rooms, mainiacjoe_overflow_concentric_impassable,
          lemuel_doored_altar, kennysheep_little_box, overflow_temple_1_default,
          serial_shops, nicolae_square_shop, minmay_bent
D:7:      layout_basic, elyvilon_altar_3, enter_bailey_6
D:8:      layout_loops_cross, lemuel_round_altar, serial_demonic,
          serial_demonic_c, serial_demonic_e, serial_demonic_b, serial_demonic_c
Temple:   hellmonk_temple_beads

Skill      XL: |  1  2  3  4  5  6  7  8  9 |
---------------+----------------------------+-----
Throwing       | 2 |  2.1
Dodging        | 3 4 5 6 |  6.4
Long Blades    | 3 |  3.3
Fighting       | 3 4 5 6 |  6.7
Unarmed Combat | 1 2 3 4 5 |  5.2
Invocations    | 2 4 6 |  6.8

Action                     |  1- 3 |  4- 6 |  7- 9 || total
---------------------------+-------+-------+-------++-------
  Melee: Long sword        |    76 |   136 |   443 ||   655
         Punch             |       |     2 |    15 ||    17
  Throw: Throwing net      |       |     2 |     3 ||     5
    Use: Potion            |       |       |     3 ||     3
         Scroll            |       |       |     6 ||     6
   Stab: Sleeping          |     1 |       |       ||     1
 Armour: Leather armour    |    40 |       |       ||    40
         Ring mail         |    11 |    96 |   265 ||   372
         Skin              |       |       |    12 ||    12
  Dodge: Dodged            |    58 |    92 |   586 ||   736
  Block: Other             |       |       |    18 ||    18

Table legend: (Time is in decaauts)
 A = Elapsed time spent in this place.
 B = Non-inter-level travel time spent in this place.
 C = Inter-level travel time spent in this place.
 D = Time resting spent in this place.
 E = Time spent auto-exploring this place.
 F = Levels seen in this place.
 G = Mean time per level.
                   A        B        C        D        E       F      G
               +--------+--------+--------+--------+--------+-----+--------+
         Total |   7588 |   7343 |    245 |   1948 |   3391 |  10 |  758.8 |
       Dungeon |   6980 |   6772 |    208 |   1678 |   3391 |   8 |  872.5 |
        Temple |     38 |      1 |     37 |      0 |      0 |   1 |   38.0 |
        Bailey |    569 |    569 |      0 |    270 |      0 |   1 |  569.0 |
               +--------+--------+--------+--------+--------+-----+--------+

Top non-repeatable levels by time:
     D:6: 1346 daAuts
     D:3: 1315 daAuts
     D:4: 1196 daAuts
     D:5: 810 daAuts
     D:1: 806 daAuts
     D:7: 735 daAuts
     D:2: 638 daAuts
  Bailey: 569 daAuts
     D:8: 130 daAuts
  Temple: 38 daAuts
